 Dungeon Crawl Stone Soup version 0.29-a0-275-g389c0b56f3 (webtiles) character file.

Game seed: 134098946821523048

253 frimble the Skirmisher (level 6, -2/47 HPs)
             Began as a Djinni Cinder Acolyte on Mar 10, 2022.
             Was a High Priest of Ignis.
             Killed from afar by an orc wizard (8 damage)
             ... with a magic dart
             ... on level 3 of the Dungeon.
             The game lasted 00:04:38 (4667 turns).

frimble the Skirmisher (Djinni Cinder Acolyte)      Turns: 4667, Time: 00:04:38

Health: -2/47      AC:  3    Str: 13    XL:     6   Next: 37%
Gold:   110        EV: 11    Int: 17    God:    Ignis [*****.] SH:  0 Dex:  9

rFire   + + +      SeeInvis .   d - +1 dagger (vamp)
rCold   x . .      Faith    .   (no shield)
rNeg    . . .      Spirit   .   b - +0 robe
rPois   ∞          Reflect  .   k - +0 helmet
rElec   .          Harm     .   (no cloak)
rCorr   .          Rampage  .   (no gloves)
Will    .....                   (boots unavailable)
Stlth   ++........              (no amulet)
HPRegen 0.15/turn               (no ring)
MPRegen 0.00/turn               (no ring)

@: flying
A: sickness immunity, fire resistance 2, cold vulnerability 1, float, innate
caster, HP casting, extra vitality 1
a: Renounce Religion, Fiery Armour, Foxfire Swarm, Rising Flame


You were on level 3 of the Dungeon.
You worshipped Ignis.
Ignis was extremely pleased with you.
You visited 1 branch of the dungeon, and saw 3 of its levels.
You also visited: Sewer.

You collected 110 gold pieces.

Inventory:

Hand Weapons
 a - a -1 short sword of flaming
 d - a +1 vampiric dagger (weapon)
 n - a +1 short sword of speed
Armour
 b - a +0 robe (worn)
 k - a +0 helmet (worn)
Wands
 g - a wand of polymorph (11)
Scrolls
 j - a scroll of fog
 o - a scroll of identify
Potions
 c - a potion of berserk rage
 e - a potion of might
 f - a potion of ambrosia {unknown}
 h - a potion of brilliance {unknown}
 i - 2 potions of degeneration {unknown}
 l - a potion of flight {unknown}
 m - a potion of curing
 p - a potion of lignification {unknown}


   Skills:
 + Level 4.2 Fighting
 + Level 3.9 Short Blades
 + Level 2.0 Stealth
 + Level 3.3 Spellcasting


You had 6 spell levels left.
You knew the following spells:

 Your Spells              Type           Power      Damage    Failure   Level
a - Scorch                Fire           28%        2d6       6%          2
b - Foxfire               Conj/Fire      56%        2x1d6     4%          1
c - Static Discharge      Conj/Air       14%        N/A       6%          2
Your spell library was empty.

Dungeon Overview and Level Annotations

Branches:
Dungeon (3/15)              Sewer (visited)

Altars:


Innate Abilities, Weirdness & Mutations

You are immune to sickness and miasma.
You are immune to poison.
Your flesh is very heat resistant. (rF++)
You are vulnerable to cold. (rC-)
You float through the air rather than walking.
You learn spells naturally, not from books.
Your magical power is your life essence.
You have superior vitality. (+4 MHP)


Message History

The magic dart hits you. Something hits you.
Found a stone staircase leading up.
You bump into the rock wall.
Something hits you.
A magic dart appears from out of thin air!
The magic dart hits you.
An orc comes into view. It is wielding a +0 war axe.
The orc shouts!
You hear some strange, mumbled words.
You are more confused.
Okay, then.
You bump into the rock wall.
A puff of flame appears from out of thin air!
The puff of flame hits you. You resist. The orc barely misses you.
You bump into the rock wall.
The orc barely misses you.
You're too confused to move!
A magic dart appears from out of thin air!
The magic dart hits you! The orc barely misses you.
You're too confused to move!
The orc barely misses you.
You feel better. Something hits you but does no damage.
The orc hits you with a +0 war axe. Something hits you. Something hits you.
Casting: Scorch (safe; 6% risk of failure)
Confirm with . or Enter, or press ? or * to list all spells.
You conjure some foxfire!
Something hits you but does no damage. The orc hits you with a +0 war axe!
* * * LOW HITPOINT WARNING * * *
The orc hits your foxfire with a +0 war axe.
Casting: Foxfire (safe; 4% risk of failure)
Confirm with . or Enter, or press ? or * to list all spells.
Flames lash the orc.
The orc is severely wounded.
The orc's fire resistance burns away.
* * * LOW HITPOINT WARNING * * *
The foxfire hits the orc.
The orc is burned terribly!
You kill the orc!
The foxfire hits something.
You hear some strange, mumbled words.
A magic dart appears from out of thin air!
The magic dart hits you!
You die...

#.#.#')#.#..# #...#..#....#
#.###..###..#
#.'.#..#)'..#########
#######.'†#..#.'..........#
........########.########.#
######)...# #...# #.#
##.#.#++#.#.# #.###
#....{@§...# #.[..
.........).).### #.###
....###.####.# ##########
##.< #.# #.# #≈.≈≈≈≈≈≈÷ #.
#.# #.# ########## #. #.#
#.# #.#
###.####(##########.#
.........##.........#
#.......###.#########


There were no monsters in sight!

Vanquished Creatures
  Pargi (Sewer)
  Terence (D:2)
  Ijyb (D:3)
  3 adders
  An ufetubus (D:3)
  4 worms
  A dart slug (D:1)
  4 orcs (D:3)
  4 ball pythons
  4 bats
  4 endoplasms (D:1)
  3 giant cockroaches
  9 goblins
  6 hobgoblins
  3 jackals (D:1)
  6 kobolds
  A quokka (D:1)
  2 frilled lizards (D:1)
  5 rats
  A butterfly (D:3)
64 creatures vanquished.

Vanquished Creatures (others)
  2 demonic plants (D:1)
  16 foxfires
18 creatures vanquished.

Grand Total: 82 creatures vanquished

Notes
Turn   | Place    | Note
-------+----------+-------------------------------------------
     0 | D:1      | frimble the Djinni Cinder Acolyte began the quest for the
                  | Orb.
     0 | D:1      | Reached XP level 1. HP: 20/20 MP: 0/0
   482 | D:1      | Found a faded altar of an unknown god.
   482 | D:1      | Noticed a soul eater
   535 | D:1      | Reached XP level 2. HP: 12/25 MP: 0/0
  1188 | D:1      | Reached XP level 3. HP: 30/30 MP: 0/0
  1188 | D:1      | Learned a level 1 spell: Foxfire
  2597 | D:2      | Reached XP level 4. HP: 19/35 MP: 0/0
  2725 | D:2      | Noticed Terence
  2736 | D:2      | HP: 1/35 [Terence/+0 mace (1)]
  2738 | D:2      | Killed Terence
  2739 | D:2      | Reached skill level 1 in Stealth
  4154 | D:3      | Reached XP level 5. HP: 37/41 MP: 0/0
  4154 | D:3      | Learned a level 2 spell: Static Discharge
  4163 | D:3      | Noticed Ijyb
  4167 | D:3      | Killed Ijyb
  4196 | D:3      | Found a glowing drain.
  4205 | Sewer    | Entered a sewer
  4379 | Sewer    | Noticed Pargi
  4389 | Sewer    | Killed Pargi
  4390 | Sewer    | Reached skill level 4 in Fighting
  4390 | Sewer    | Reached XP level 6. HP: 34/47 MP: 0/0
  4667 | D:3      | Killed from afar by an orc wizard

Illustrated notes

Levels and vault maps discovered:
D:1:      psy_arrival_whirlpool, layout_loops_ring,
          dreamdust_ecumenical_altar_sealed_demon, kennysheep_pointless_box,
          nicolae_wormholes
D:2:      layout_rooms, serial_co_window_serial, co_window_paths_a,
          co_window_corner_a, co_window_paths_b, co_window_paths_a,
          co_window_paths_a, co_window_of_opportunity_b, co_window_corner_b,
          co_window_paths_c, co_window_corner_b, glass_columns_a,
          glass_columns_a, uniq_terence
D:3:      layout_loops_ring, xom_butterflies, portal_sewer_entry_d,
          eino_curves_03, minmay_mini_jars, uniq_grinder, uniq_jessica,
          uniq_ijyb, uniq_crazy_yiuf_cottage

Skill      XL: |  1  2  3  4  5  6 |
---------------+-------------------+-----
Short Blades   | 3 |  3.9
Stealth        | 1 2 |  2.0
Spellcasting   | 3 |  3.3
Fighting       | 4 |  4.2

Action                   |  1- 3 |  4- 6 || total
-------------------------+-------+-------++-------
Melee: Dagger            |   186 |   177 ||   363
       Short sword       |    10 |       ||    10
       Punch             |     1 |     2 ||     3
 Cast: Scorch            |    13 |    24 ||    37
       Foxfire           |       |    10 ||    10
  Use: Potion            |     1 |     2 ||     3
       Scroll            |     4 |     4 ||     8
 Stab: Sleeping          |     1 |     4 ||     5
Armor: Robe              |    48 |    50 ||    98
Dodge: Dodged            |   119 |   121 ||   240

Table legend: (Time is in decaauts)
 A = Elapsed time spent in this place.
 B = Non-inter-level travel time spent in this place.
 C = Inter-level travel time spent in this place.
 D = Time resting spent in this place.
 E = Time spent auto-exploring this place.
 F = Levels seen in this place.
 G = Mean time per level.
                   A        B        C        D        E       F      G
               +--------+--------+--------+--------+--------+-----+--------+
         Total |   4606 |   4496 |    110 |    114 |   3514 |   4 | 1151.5 |
       Dungeon |   4335 |   4225 |    110 |     18 |   3369 |   3 | 1445.0 |
         Sewer |    271 |    271 |      0 |     96 |    145 |   1 |  271.0 |
               +--------+--------+--------+--------+--------+-----+--------+

Top non-repeatable levels by time:
     D:1: 2515 daAuts
     D:2: 1499 daAuts
     D:3: 320 daAuts
   Sewer: 271 daAuts
